 Dungeon Crawl Stone Soup version 0.32-a0-711-g016ad743e0 (webtiles) character file.

Game seed: 2352532737984849827

4088 BubbleThief the Slicer (level 10, -11/64 HPs)
             Began as a Kobold Brigand on Mar 16, 2024.
             Was a Follower of Uskayaw.
             Killed from afar by a steam dragon (19 damage)
             ... with a ball of steam
             ... on level 8 of the Dungeon.
             The game lasted 00:13:45 (7489 turns).

BubbleThief the Slicer (Kobold Brigand)             Turns: 7489, Time: 00:13:45

Health: -11/64     AC:  8    Str:  8    XL:     10   Next: 50%
Magic:  11/11      EV: 20    Int: 13    God:    Uskayaw [*.....]
Gold:   567        SH:  0    Dex: 21    Spells: 9/9 levels left

rFire   . . .        j - +3 short sword (venom)
rCold   . . .        (no shield)
rNeg    . . .        m - +3 leather armour
rPois   .            (no helmet)
rElec   .            c - +1 cloak
rCorr   .            (no gloves)
SInv    .            (no boots)
Will    .....        (no amulet)
Stlth   +++++        (no ring)
HPRegen 0.30/turn    (no ring)
MPRegen 0.12/turn

%: no passive effects
@: studying Dodging
A: small, no large weapons, nightstalker 3
a: Renounce Religion, Stomp


You were on level 8 of the Dungeon.
You worshipped Uskayaw.
Uskayaw was noncommittal.
You visited 2 branches of the dungeon, and saw 9 of its levels.

You collected 567 gold pieces.

Inventory:

Hand Weapons
 i - a +1 short sword of holy wrath
 j - a +3 short sword of venom (weapon)
Missiles
 d - 13 poisoned darts (quivered)
 e - 5 curare-tipped darts
 n - 4 throwing nets
Armour
 c - a +1 cloak (worn)
 m - a +3 leather armour (worn)
Jewellery
 y - a ring of fire
Wands
 l - a wand of digging (4)
 v - a wand of roots (17)
 x - a wand of flame (18)
 C - a wand of mindburst (19)
 E - a wand of quicksilver (14)
Scrolls
 f - a scroll of identify
 g - a scroll of acquirement
 p - a scroll of amnesia
 q - 3 scrolls of enchant armour
 r - 2 scrolls of fog {unknown}
 s - 3 scrolls of teleportation {unknown}
 A - a scroll of revelation {unknown}
 B - 2 scrolls of brand weapon {unknown}
 D - a scroll of immolation {unknown}
Potions
 a - 3 potions of curing
 b - 2 potions of haste
 h - a potion of enlightenment {unknown}
 k - a potion of brilliance {unknown}
 o - 3 potions of ambrosia
 t - a potion of magic {unknown}
 u - a potion of might {unknown}
 w - 2 potions of degeneration {unknown}
 z - a potion of resistance {unknown}
 F - a potion of attraction {unknown}


   Skills:
 + Level 8.3 Fighting
 - Level 11.0 Short Blades
 - Level 2.1 Throwing
 + Level 9.7 Dodging
 + Level 9.6 Stealth
 + Level 2.4 Invocations


You had 9 spell levels left.
You didn't know any spells.
Your spell library contained the following spells:

 Spells                   Type           Power      Damage    Failure   Level
 Magic Dart               Conj           0%         1d3       41%         1
 Summon Small Mammal      Summ           0%         N/A       41%         1
 Searing Ray              Conj           0%         2d4       56%         2
 Call Canine Familiar     Summ           0%         N/A       80%         3
 Fulminant Prism          Conj/Alch      0%         3d5       99%         4
 Summon Blazeheart Golem  Fire/Summ      0%         N/A       99%         4


Dungeon Overview and Level Annotations

Branches:
Dungeon (8/15)             Temple (1/1) D:5
   Lair: D:8-11

Altars:
Ashenzari
Cheibriados
Dithmenos
Elyvilon
Fedhas
Hepliaklqana
Kikubaaqudgha
Makhleb
Nemelex Xobeh
Okawaru
Qazlal
Ru
Sif Muna
Trog
Uskayaw
Vehumet
Wu Jian
Xom
Yredelemnul
Zin
The Shining One
Beogh


Innate Abilities, Weirdness & Mutations

You are small and have problems with some larger weapons.
You are completely attuned to the shadows.


Message History

An elephant comes into view.
You hear a shout!
You hear an angry hiss.
The steam dragon barely misses you. x2
You hit the steam dragon.
The steam dragon is poisoned.
The steam dragon is lightly wounded.
You barely miss the steam dragon.
The steam dragon is lightly wounded.
The steam dragon breathes steam at you. The ball of steam hits you!
You hear an angry hiss.
You hear a bellow!
Unknown command.
You are engulfed in a cloud of scalding steam.
The elephant attacks as it pursues you! The elephant misses you.
The elephant trunk-slaps you but does no damage.
The steam dragon attacks as it pursues you!
The steam dragon completely misses you. The steam dragon closely misses you.
The elephant is engulfed in a cloud of scalding steam.
The elephant attacks as it pursues you! The elephant tramples you.
You stumble backwards!
The elephant attacks as it pursues you! The elephant closely misses you. x2
The elephant misses you. The elephant completely misses you.
The elephant attacks as it pursues you! The elephant closely misses you.
The elephant misses you. The elephant attacks as it pursues you!
The elephant tramples you!
You stumble backwards!
Things that are here:
a +0 orcbow; a centaur corpse
There is an escape hatch in the floor here.
The steam dragon breathes steam at you. The ball of steam hits you!
* * * LOW HITPOINT WARNING * * *
You are engulfed in a cloud of scalding steam.
* * * LOW HITPOINT WARNING * * *
The elephant trumpets!
The elephant is engulfed in a cloud of scalding steam.
There is a stone staircase leading up here.
The steam dragon breathes steam at you. The ball of steam hits you!!
You die...
Your body falls in perfect tune with the rhythm.

#.).........##.##.
#.......###†##.# .
##..#.#...†.....# ..
##........###.#####...
####.........###[[)..†.#
..##.#..#....#§....#####
.....#...D§D÷#..[..#
.....)..#>.§D§§§..[#
.....#.###.#§#Y§@..#
..##.#.......#.....#
####.......#########
###.##### #.# #.


You could see an elephant.

Vanquished Creatures
  Joseph (D:7)
  A gargoyle (D:5)
  5 yaks (D:8)
  2 water moccasins
  3 ice beasts
  A sky beast (D:7)
  A black bear (D:7)
  An orc warrior (D:5)
  2 ogres
  A centaur (D:8)
  A phantom (D:4)
  3 bullfrogs
  A gnoll sergeant (D:7)
  2 scorpions
  5 killer bees (D:8)
  2 electric eels (D:6)
  2 howler monkeys
  3 bombardier beetles
  2 hounds
  A jelly (D:5)
  2 sleepcaps
  4 orc priests
  Jessica (D:2)
  Ijyb (D:4)
  2 iguanas
  5 orc wizards
  6 adders
  13 gnolls
  2 shadow imps
  3 white imps
  4 ribbon worms
  7 dart slugs
  26 orcs
  3 bats
  9 endoplasms
  3 giant cockroaches
  10 goblins
  2 hobgoblins
  8 jackals
  A quokka (D:4)
  16 ball pythons
  4 frilled lizards
  5 kobolds
  4 rats (D:2)
181 creatures vanquished.

Vanquished Creatures (others)
  A quokka (D:4)
1 creature vanquished.

Grand Total: 182 creatures vanquished

Notes
Turn   | Place    | Note
-------+----------+-------------------------------------------
     0 | D:1      | BubbleThief the Kobold Brigand began the quest for the Orb.
     0 | D:1      | Reached XP level 1. HP: 12/12 MP: 1/1
    86 | D:1      | Reached skill level 3 in Short Blades
   104 | D:1      | Found a faded altar of an unknown god.
   164 | D:1      | Reached XP level 2. HP: 17/17 MP: 2/2
   211 | D:1      | Reached XP level 3. HP: 13/21 MP: 3/3
   441 | D:1      | Reached skill level 4 in Short Blades
   527 | D:1      | You fall into a shaft and drop 1 floor!
   747 | D:1      | Reached XP level 4. HP: 26/26 MP: 4/4
  1508 | D:2      | Noticed Jessica
  1512 | D:2      | Killed Jessica
  1513 | D:2      | Reached XP level 5. HP: 31/31 MP: 5/5
  1675 | D:2      | Reached skill level 5 in Short Blades
  2175 | D:3      | Reached XP level 6. HP: 6/36 MP: 6/6
  2340 | D:3      | Found a glowing silver altar of Zin.
  2340 | D:3      | Noticed an angel
  2572 | D:3      | Reached skill level 6 in Short Blades
  2805 | D:3      | Found a shadowy altar of Dithmenos.
  3005 | D:3      | Found an ornate altar of the Wu Jian Council.
  3091 | D:4      | Noticed Ijyb
  3101 | D:4      | Killed Ijyb
  3138 | D:4      | Found a snail-covered altar of Cheibriados.
  3247 | D:4      | Reached XP level 7. HP: 30/42 MP: 7/7
  3328 | D:4      | Found a shimmering altar of Xom.
  3348 | D:4      | Reached skill level 7 in Short Blades
  3805 | D:4      | Found a roughly hewn altar of Beogh.
  3938 | D:4      | Reached skill level 8 in Short Blades
  3938 | D:4      | Reached XP level 8. HP: 46/48 MP: 8/8
  4061 | D:5      | Entered Level 5 of the Dungeon
  4160 | D:5      | Noticed a gargoyle
  4178 | D:5      | Killed a gargoyle
  4179 | D:5      | Reached skill level 5 in Fighting
  4179 | D:5      | Reached skill level 9 in Short Blades
  4179 | D:5      | Reached skill level 5 in Dodging
  4676 | D:5      | Reached skill level 10 in Short Blades
  4676 | D:5      | Reached XP level 9. HP: 55/55 MP: 9/9
  4905 | D:5      | Found a staircase to the Ecumenical Temple.
  4911 | Temple   | Entered the Ecumenical Temple
  4922 | Temple   | Became a worshipper of Uskayaw the Reveller
  4995 | D:5      | Identified the +6 war axe "Ocluifu" {speed, rF+}
  5075 | D:5      | Found a glowing golden altar of the Shining One.
  5254 | D:6      | Reached * piety under Uskayaw
  5328 | D:6      | Reached ** piety under Uskayaw
  5456 | D:6      | Reached skill level 11 in Short Blades
  6308 | D:7      | Reached *** piety under Uskayaw
  6347 | D:7      | Noticed Joseph
  6402 | D:7      | Killed Joseph
  6538 | D:7      | Reached XP level 10. HP: 62/63 MP: 10/10
  6570 | D:7      | Found a broken altar of Ashenzari.
  6915 | D:7      | Identified 2 scrolls of acquirement
  6915 | D:7      | Acquired a manual of Dodging
  7205 | D:8      | Reached **** piety under Uskayaw
  7207 | D:8      | Reached skill level 1 in Invocations
  7212 | D:8      | Reached ***** piety under Uskayaw
  7464 | D:8      | Noticed an elephant
  7489 | D:8      | Killed from afar by a steam dragon

Illustrated notes

Levels and vault maps discovered:
D:1:      eino_arrival_cavern_a, layout_loops_ring,
          shapermc_ecumenical_altar_pompeii, nicolae_hexahallways
D:2:      layout_basic, uniq_jessica
D:3:      minmay_evil_eye, layout_loops_ring, mainiacjoe_overflow_alcove_4,
          nicolae_wu_jian_immortal_techniques, zin_angel,
          hangedman_abyss_or_decor_lesser_grid
D:4:      layout_rooms, xom_confusion_cloud, amcnicky_altar_gilded,
          kennysheep_orc_chapel, uniq_ijyb
D:5:      layout_cave_pools, mainiacjoe_overflow_cross_hatched,
          minmay_temple_entry_grid, hangedman_decor_points,
          minmay_chambers_of_fives
D:6:      layout_basic, serial_bayou_ford_a
D:7:      layout_loops_ring, mainiacjoe_overflow_boulevard, uniq_joseph
D:8:      layout_loops_cross, david_lair_generic, nicolae_titane, uniq_pikel,
          uniq_erica
Temple:   nicolae_temple_great_sept

Skill      XL: |  1  2  3  4  5  6  7  8  9 10 |
---------------+-------------------------------+-----
Short Blades   | 3 4 5 6 8 10 11 | 11.0
Stealth        | 6 8 9 |  9.6
Dodging        | 2 3 4 5 7 9 |  9.7
Fighting       | 3 4 5 7 8 |  8.3
Invocations    | 2 |  2.4
Throwing       | |  2.1

Action                     |  1- 3 |  4- 6 |  7- 9 | 10-12 || total
---------------------------+-------+-------+-------+-------++-------
  Melee: Dagger            |    72 |       |       |       ||    72
         Short sword       |     6 |   131 |   311 |    86 ||   534
  Throw: Dart              |     1 |     1 |     1 |       ||     3
  Evoke: Wand              |       |       |     5 |       ||     5
    Use: Potion            |       |     1 |       |       ||     1
         Scroll            |       |       |     2 |     6 ||     8
   Stab: Sleeping          |    13 |    18 |    15 |     7 ||    53
         Distracted        |       |     1 |     2 |     1 ||     4
         Paralysed         |       |       |     1 |       ||     1
 Armour: Robe              |    30 |     7 |       |       ||    37
         Leather armour    |       |    28 |   105 |    33 ||   166
  Dodge: Dodged            |    30 |    39 |   114 |    72 ||   255

Table legend: (Time is in decaauts)
 A = Elapsed time spent in this place.
 B = Non-inter-level travel time spent in this place.
 C = Inter-level travel time spent in this place.
 D = Time resting spent in this place.
 E = Time spent auto-exploring this place.
 F = Levels seen in this place.
 G = Mean time per level.
                   A        B        C        D        E       F      G
               +--------+--------+--------+--------+--------+-----+--------+
         Total |   7273 |   7037 |    236 |    534 |   5203 |   9 |  808.1 |
       Dungeon |   7250 |   7024 |    226 |    534 |   5203 |   8 |  906.2 |
        Temple |     22 |     12 |     10 |      0 |      0 |   1 |   22.0 |
               +--------+--------+--------+--------+--------+-----+--------+

Top non-repeatable levels by time:
     D:4: 1150 daAuts
     D:3: 1132 daAuts
     D:7: 1023 daAuts
     D:6: 971 daAuts
     D:1: 965 daAuts
     D:2: 949 daAuts
     D:5: 891 daAuts
     D:8: 166 daAuts
  Temple: 22 daAuts
